 Dungeon Crawl Stone Soup version 0.26-a0-831-g7192265339 (webtiles) character file.

Game seed: 12809118281438371059

91 robertstho the Skirmisher (level 4, -4/41 HPs)
             Began as a Minotaur Abyssal Knight on Nov 15, 2020.
             Was a Follower of Lugonu.
             Slain by an orc warrior
             ... wielding a +0 long sword
              (16 damage)
             ... on level 3 of the Dungeon.
             The game lasted 00:01:44 (2201 turns).

robertstho the Skirmisher (Minotaur Abyssal Knight) Turns: 2201, Time: 00:01:44

Health: -4/41      AC:  4    Str: 17    XL:     4   Next: 33%
Magic:  4/4        EV: 11    Int:  9    God:    Lugonu [*.....]
Gold:   166        SH:  0    Dex: 10    Spells: 3/3 levels left

rFire    . . .     SeeInvis .   a - +1 hand axe
rCold    . . .     Faith    .   (no shield)
rNeg     . . .     Spirit   .   b - +0 leather armour
rPois    .         Reflect  .   (helmet restricted)
rElec    .         Harm     .   j - +0 cloak
rCorr    .         Rampage  .   (no gloves)
MR       .....                  (no boots)
Stlth    +.........             (no amulet)
HPRegen  0.13/turn              (no ring)
MPRegen  0.09/turn              (no ring)

@: no status effects
A: retaliatory headbutt, horns 2
a: Depart the Abyss, Renounce Religion


You were on level 3 of the Dungeon.
You worshipped Lugonu.
Lugonu was aware of your devotion.
You visited 1 branch of the dungeon, and saw 3 of its levels.
You visited the Abyss 1 time.

You collected 166 gold pieces.

Inventory:

Hand Weapons
 a - a +1 hand axe (weapon)
Armour
 b - a +0 leather armour (worn)
 j - a +0 cloak (worn)
Jewellery
 k - a cursed amulet of guardian spirit {unknown}
 t - a cursed ring of teleportation {unknown}
Wands
 m - a wand of flame (21)
Scrolls
 c - a scroll of remove curse {unknown}
 d - 2 scrolls of teleportation {unknown}
 g - 5 scrolls of identify {unknown}
 h - a scroll of magic mapping {unknown}
 l - a scroll of blinking {unknown}
 p - a scroll of enchant armour {unknown}
 q - a scroll of amnesia {unknown}
 r - a scroll of fear {unknown}
 s - 2 scrolls of fog {unknown}
Potions
 e - a potion of haste {unknown}
 f - 2 potions of heal wounds {unknown}
 i - 3 potions of curing
 n - a potion of degeneration {unknown}
 o - a potion of flight {unknown}


   Skills:
 * Level 4.9 Fighting
 + Level 3.3 Axes
 * Level 3.2 Armour
 + Level 1.3 Dodging
 + Level 0.1 Stealth
 * Level 2.2 Invocations


You had 3 spell levels left.
You didn't know any spells.
Your spell library was empty.

Dungeon Overview and Level Annotations

Branches:
Dungeon (3/15)

Altars:
Kikubaaqudgha


Innate Abilities, Weirdness & Mutations

You reflexively headbutt those who attack you in melee.
You have a pair of horns on your head.


Message History

The orc wizard is almost dead.
The orc wizard barely misses you. The orc barely misses you.
You hit the orc wizard but do no damage.
The orc wizard is almost dead.
You hit the orc but do no damage.
The orc wizard gestures at you while chanting.
The magic dart hits you.
The orc wizard hits you but does no damage.
You hit the orc wizard.
You kill the orc wizard!
Lugonu accepts your kill.
You hit the orc but do no damage. The orc barely misses you.
You have reached level 4!
You feel agile.
The orc warrior hits you with a +0 long sword!!
Ouch! That really hurt!
* * * LOW HITPOINT WARNING * * *
There is a stone staircase leading up here.
The orc warrior hits you with a +0 long sword!
You die...

#..)...# .......# ..
.......### #####....
.........# #........
......((.# #.#######
.........#####.#.....#
.................o.#.#
................o#.#.#####.
................@#o........
.................#.[)......
.................#..o......
########.........#.........
#...............#.........
#............####.........
#............# #....#####
#............# #....#
##############


You could see an orc warrior and an orc.

Vanquished Creatures
  An orc wizard (D:3)
  A gnoll (D:1)
  An adder (D:2)
  A dart slug (D:1)
  3 leopard geckos
  5 bats
  2 giant cockroaches
  7 goblins
  4 hobgoblins
  2 quokkas
  3 ball pythons
  3 frilled lizards
  4 kobolds
  2 rats
39 creatures vanquished.

Vanquished Creatures (others)
  A withered plant (D:2)
1 creature vanquished.

Grand Total: 40 creatures vanquished

Notes
Turn   | Place    | Note
-------+----------+-------------------------------------------
     0 | Abyss:1  | robertstho the Minotaur Abyssal Knight began the quest for
                  | the Orb.
     0 | Abyss:1  | Reached XP level 1. HP: 19/19 MP: 1/1
    98 | Abyss:1  | Noticed a small abomination
   100 | Abyss:1  | Noticed a wretched star
   101 | D:1      | Escaped the Abyss
   176 | D:1      | Reached * piety under Lugonu
   203 | D:1      | Reached skill level 4 in Fighting
   300 | D:1      | Reached XP level 2. HP: 25/27 MP: 2/2
   859 | D:1      | Reached XP level 3. HP: 19/34 MP: 3/3
  1185 | D:2      | Found an ancient bone altar of Kikubaaqudgha.
  2192 | D:3      | Noticed an orc warrior
  2197 | D:3      | Reached XP level 4. HP: 36/41 MP: 4/4
  2201 | D:3      | Slain by an orc warrior

Illustrated notes

Levels and vault maps discovered:
D:1:      doesnt_arrival_eight_statues, layout_basic
D:2:      layout_loops_ring, kiku_gazebo_garden_becter
D:3:      layout_basic, trog_book, uniq_crazy_yiuf_cottage

Skill      XL: |  1  2  3 |
---------------+----------+-----
Fighting       | 4 |  4.9
Invocations    | 2 |  2.2
Armour         | 3 |  3.2
Axes           | 3 |  3.3
Dodging        | |  1.3
Stealth        | |  0.1

Action                   |  1- 3 |  4- 6 || total
-------------------------+-------+-------++-------
Melee: Hand axe          |    87 |       ||    87
       Headbutt          |     7 |       ||     7
Invok: Depart the Abyss  |     1 |       ||     1
  Use: Potion            |     1 |       ||     1
Armor: Leather armour    |    26 |       ||    26
Dodge: Dodged            |    49 |       ||    49

Table legend: (Time is in decaauts)
 A = Elapsed time spent in this place.
 B = Non-inter-level travel time spent in this place.
 C = Inter-level travel time spent in this place.
 D = Time resting spent in this place.
 E = Time spent auto-exploring this place.
 F = Levels seen in this place.
 G = Mean time per level.
                   A        B        C        D        E       F      G
               +--------+--------+--------+--------+--------+-----+--------+
         Total |   2213 |   2116 |     97 |    219 |   1657 |   4 |  553.2 |
       Dungeon |   2112 |   2015 |     97 |    219 |   1559 |   3 |  704.0 |
         Abyss |    101 |    101 |      0 |      0 |     98 |   1 |  101.0 |
               +--------+--------+--------+--------+--------+-----+--------+

Top non-repeatable levels by time:
     D:1: 1090 daAuts
     D:2: 816 daAuts
     D:3: 206 daAuts
 Abyss:1: 101 daAuts
